 Dungeon Crawl Stone Soup version 0.26-a0-830-g2a559e7be2 (webtiles) character file.

Game seed: 699610960237572383

16 Riddle the Sneak (level 2, -1/24 HPs)
             Began as a Naga Enchanter on Nov 15, 2020.
             Slain by a hobgoblin (5 damage)
             ... on level 1 of the Dungeon.
             The game lasted 00:00:54 (631 turns).

Riddle the Sneak (Naga Enchanter)                    Turns: 631, Time: 00:00:54

Health: -1/24      AC:  1    Str: 10    XL:     2   Next: 54%
Magic:  0/5        EV: 10    Int: 15    God:
Gold:   15         SH:  0    Dex: 11    Spells: 2/5 levels left

rFire    . . .     SeeInvis +   a - +1 dagger
rCold    . . .     Faith    .   (no shield)
rNeg     . . .     Spirit   .   b - +0 robe
rPois    +         Reflect  .   (no helmet)
rElec    .         Harm     .   (no cloak)
rCorr    .         Rampage  .   (no gloves)
MR       .....                  (no barding)
Stlth    +++.......             (no amulet)
HPRegen  0.08/turn              (no ring)
MPRegen  0.09/turn              (no ring)

@: very slow
A: large, see invisible, deformed body, poison resistance, slowness 2, spit
poison 1, AC +0
a: Spit Poison


You were on level 1 of the Dungeon.
You visited 1 branch of the dungeon, and saw 1 of its levels.

You collected 15 gold pieces.

Inventory:

Hand Weapons
 a - a +1 dagger (weapon)
Armour
 b - a +0 robe (worn)


   Skills:
 + Level 0.4 Fighting
 + Level 1.1 Short Blades
 - Level 1.8 Dodging
 * Level 4.8 Stealth
 - Level 2.1 Spellcasting
 * Level 3.1 Hexes


You had 2 spell levels left.
You knew the following spells:

 Your Spells              Type           Power        Failure   Level
a - Corona                Hex            ##.....      6%          1
b - Ensorcelled Hibernat  Hex/Ice        #.....       17%         2

Your spell library contained the following spells:

 Spells                   Type           Power        Failure   Level
 Confusing Touch          Hex            ##......     19%         3
 Tukima's Dance           Hex            ##......     19%         3
 Dazzling Flash           Conj/Hex       #.....       34%         3


Dungeon Overview and Level Annotations

Branches:
Dungeon (1/15)

Altars:


Innate Abilities, Weirdness & Mutations

You cannot wear boots.
Your serpentine skin is tough. (AC +0)
You have supernaturally acute eyesight. (SInv)
Armour fits poorly on your strangely shaped body.
Your system is resistant to poisons. (rPois)
You cover ground very slowly.
You can spit poison.


Message History

Press: ? - help, Shift-Dir - straight line, f/p - dart slug
Aim: a dart slug (chance to defeat MR: 55%)
The dart slug looks drowsy...
The helpless dart slug fails to defend itself.
You puncture the dart slug!
You kill the dart slug!
The hobgoblin barely misses you. The hobgoblin barely misses you.
The hobgoblin hits you.
Casting: Ensorcelled Hibernation (safe; 17% risk of failure)
Confirm with . or Enter, or press ? or * to list all spells.
Aiming: Ensorcelled Hibernation (safe; 17% risk of failure)
Press: ? - help, Shift-Dir - straight line, f - hobgoblin
Aim: a hobgoblin (chance to defeat MR: 55%)
The hobgoblin resists with significant effort.
The hobgoblin hits you. The hobgoblin hits you.
* * * LOW HITPOINT WARNING * * *
The hobgoblin hits you.
You die...

#.# # #.# . #.#
. ... #.# #.#
#.# #.# #.# ...
#w# #.# #g# #.#
#@# #.# #.#
#.###########.#
#.............#
#.##.##########
####)##.#
..##.##.#
.....##.#
#.#####.#


You could see a dart slug and a hobgoblin.

Vanquished Creatures
  3 dart slugs (D:1)
  3 hobgoblins (D:1)
  A frilled lizard (D:1)
  2 kobolds (D:1)
  A rat (D:1)
10 creatures vanquished.

Notes
Turn   | Place    | Note
-------+----------+-------------------------------------------
     0 | D:1      | Riddle the Naga Enchanter began the quest for the Orb.
     0 | D:1      | Reached XP level 1. HP: 15/15 MP: 3/3
   250 | D:1      | Reached XP level 2. HP: 6/22 MP: 1/5
   475 | D:1      | Learned a level 2 spell: Ensorcelled Hibernation
   631 | D:1      | Slain by a hobgoblin

Illustrated notes

Levels and vault maps discovered:
D:1:      ncdulo_wetmaze, layout_loops_ring, serial_bayou_pond_c

Action                   || total
-------------------------++-------
Melee: Dagger            ||    27
 Cast: Corona            ||     6
       Ensorcelled Hiber ||     3
 Stab: Sleeping          ||     3
Armor: Robe              ||     4
Dodge: Dodged            ||     8

Table legend: (Time is in decaauts)
 A = Elapsed time spent in this place.
 B = Non-inter-level travel time spent in this place.
 C = Inter-level travel time spent in this place.
 D = Time resting spent in this place.
 E = Time spent auto-exploring this place.
 F = Levels seen in this place.
 G = Mean time per level.
                   A        B        C        D        E       F      G
               +--------+--------+--------+--------+--------+-----+--------+
         Total |    686 |    686 |      0 |    369 |    209 |   1 |  686.0 |
       Dungeon |    686 |    686 |      0 |    369 |    209 |   1 |  686.0 |
               +--------+--------+--------+--------+--------+-----+--------+

Top non-repeatable levels by time:
     D:1: 686 daAuts
